 Dungeon Crawl Stone Soup version 0.21.1-1-g345015fe64 (webtiles) character file.

72411 KleinerIrrer the Severer (level 15, -24/99 HPs)
             Began as a Formicid Fighter on Mar 26, 2018.
             Was the Champion of the Shining One.
             Killed from afar by a frost giant (41 damage)
             ... with a bolt of cold
             ... on level 1 of the Orcish Mines.
             The game lasted 01:00:32 (24633 turns).

KleinerIrrer the Severer (Formicid Fighter)        Turns: 24633, Time: 01:00:32

Health: -24/99     AC: 20    Str: 24    XL:     15   Next: 86%
Magic:  23/23      EV:  7    Int: 11    God:    the Shining One [******]
Gold:   2208       SH: 20    Dex: 10    Spells: 16/16 levels left

rFire    . . .     SeeInvis +   H - +5 battleaxe "Lycuitsa" {chop, *Slow rElec rPois rN++}
rCold    . . .     Gourm    .   N - +0 large shield
rNeg     + + +     Faith    .   J - +0 plate armour
rPois    +         Spirit   .   (helmet unavailable)
rElec    +         Reflect  .   I - +1 cloak
rCorr    .         Harm     .   O - +0 pair of gloves
MR       +....                  o - +0 pair of boots
Stlth    ..........             b - amulet of magic regeneration
HPRegen  0.26/turn              E - ring of poison resistance
MPRegen  0.43/turn              G - ring of positive energy

@: glowing
A: permanent stasis, dig shafts and tunnels, four strong arms, antennae 3
a: Dig, Shaft Self, Divine Shield, Cleansing Flame, Summon Divine Warrior, Brand
Weapon With Holy Wrath, Renounce Religion


You were on level 1 of the Orcish Mines.
You worshipped the Shining One.
The Shining One was exalted by your worship.
You were not hungry.

You visited 3 branches of the dungeon, and saw 18 of its levels.
You also visited: Ice Cave.

You collected 2559 gold pieces.
You spent 351 gold pieces at shops.

Inventory:

Hand Weapons
 a - a +4 broad axe of flaming
 y - a +2 battleaxe of freezing
 H - the +5 battleaxe "Lycuitsa" (weapon) {chop, *Slow rElec rPois rN++}
   (You took it off an orc on level 1 of the Orcish Mines)

   It inflicts extra damage upon your enemies.
   It insulates you from electricity.
   It protects you from poison.
   It greatly protects you from negative energy.
   It may slow you when you take damage.
 K - a +1 demon whip of electrocution
 M - the +4 hunting sling "Hell-Harrower" {freeze, +Blink}
   (You took it off an orc on level 1 of the Orcish Mines)

   It causes projectiles fired from it to freeze those they strike, causing
   extra injury to most foes and up to half again as much damage against
   particularly susceptible opponents.
   They can also slow down cold-blooded creatures.
   It lets you blink.
 Q - the +11 spear of Embarrassment {freeze, Int+4 Dex+3}
   (You took it off an orc on level 1 of the Orcish Mines)

   It has been specially enchanted to freeze those struck by it, causing extra
   injury to most foes and up to half again as much damage against particularly
   susceptible opponents.
   It can also slow down cold-blooded creatures.
   It affects your intelligence (+4).
   It affects your dexterity (+3).
Missiles
 q - 165 bolts
Armour
 n - a +0 shield of cold resistance
 o - a +0 pair of boots (worn)
 I - a +1 cloak (worn)
 J - a +0 plate armour (worn)
 N - a +0 large shield (worn)
 O - a +0 pair of gloves (worn)
Jewellery
 b - an amulet of magic regeneration (around neck)
 u - an uncursed ring of ice
 E - a ring of poison resistance (left hand)
 G - a ring of positive energy (right hand)
Wands
 l - a wand of polymorph (33)
 x - a wand of paralysis (32)
 A - a wand of scattershot (5)
 D - a wand of digging (18)
 F - a wand of acid (2)
 V - a wand of flame (43)
 X - a wand of iceblast (17)
Scrolls
 e - a scroll of magic mapping
 g - 6 scrolls of remove curse
 i - 3 scrolls of fog
 j - a scroll of amnesia
 k - 3 scrolls of immolation
 z - a scroll of enchant weapon
 B - 2 scrolls of vulnerability {unknown}
 L - a scroll of identify
 P - 3 scrolls of fear
 Y - a scroll of holy word
 Z - 2 scrolls of summoning {unknown}
Potions
 d - 6 potions of might
 h - 6 potions of lignification
 m - 3 potions of mutation
 p - 3 potions of ambrosia
 r - 3 potions of brilliance
 s - 2 potions of curing
 t - 2 potions of cancellation
 v - 2 potions of resistance
 w - a potion of agility
 C - 2 potions of flight
Comestibles
 c - 3 chunks of flesh
 f - 29 rations


   Skills:
 - Level 3.7 Fighting
 * Level 18.7 Axes
 - Level 1.0(12.7) Maces & Flails
 + Level 11.5 Armour
 - Level 0.1 Dodging
 + Level 13.8 Shields
 - Level 1.0 Spellcasting
 * Level 11.1 Invocations


You had 16 spell levels left.
You didn't know any spells.

Dungeon Overview and Level Annotations

Branches:
Dungeon (11/15)            Temple (0/1) D:4            Lair (6/6) D:10
 Shoals (0/4) Lair:2       Spider (0/4) Lair:4        Slime (0/5) Lair:5
    Orc (1/2) D:10

Altars:
Ashenzari
Cheibriados
Fedhas
Hepliaklqana
Kikubaaqudgha
Makhleb
Okawaru
Ru
Vehumet
The Shining One
Beogh

Shops:
D:10 (   D:11 ?

Portals:
Trove: D:10 (give +5 demon whip)

Annotations:
Lair:3 Snorg
Lair:4 exclusion: 2 oklob plants


Innate Abilities, Weirdness & Mutations

You cannot be hasted, slowed, berserked, paralysed or teleported.
You can dig through walls and to a lower floor.
Your four strong arms can wield two-handed weapons with a shield.
You have a pair of large antennae on your head. (SInv)


Message History

The frost giant points at you and mumbles some strange words.
The bolt of cold hits you!
* * * LOW HITPOINT WARNING * * *
There is an open door here.
Okay, then.
You're wearing all the rings you can.
Remove which one? (? for menu, Esc to cancel) < or
E - a ring of poison resistance; > or
G - a ring of positive energy
Okay, then.
You feel much better.
The frost giant points at you and mumbles some strange words.
The bolt of cold hits you!
You hear a shout!
A cyclops comes into view.
The frost giant casts a spell at you. The bolt of cold hits you!
* * * LOW HITPOINT WARNING * * *
The frost giant gestures at you while chanting.
The bolt of cold hits you!
You die...

####** ########################
.....####........#.............##
.....C..C.C.C...@'...†..[....(()(
....C####........#...........()##
....{***####'#####.....[.)...(.#*
..{,,+,,,,,#.#***##########(####,
.{,,,*,,,,,#..,,,,,,...'.......'.
.,,,,******####*****####.......##
****** ****,***#.......#* ****
**,≈≈≈≈≈≈#.......#≈ #,,*
**,≈≈≈≈≈≈≈#.......#≈


You could see a frost giant and a cyclops.

Vanquished Creatures
  A frost giant (IceCv)
  An ettin (Orc:1)
  A fire dragon (Lair:6)
  9 hydras
  Erica (D:8)
  6 two-headed ogres
  An orc high priest (Orc:1)
  5 death yaks
  The ghost of BrokenGlass the Covert, a novice OpAs (D:8)
  Pikel (D:5)
  An ugly thing (D:10)
  A lindwurm (Lair:6)
  10 cyclopes (Orc:1)
  An orc sorcerer (Orc:1)
  The ghost of Fuxmar the Conjurer, a novice HuWz (D:5)
  11 elephants
  Maurice (D:11)
  2 ice statues (IceCv)
  3 black mambas
  6 torpor snails
  7 spiny frogs
  A rime drake (Lair:6)
  8 komodo dragons
  18 polar bears
  3 jumping spiders
  3 trolls
  4 tyrant leeches (Lair:6)
  6 hornets (Lair:6)
  Grinder (D:4)
  15 blink frogs
  4 hippogriffs
  A spriggan (D:7)
  The ghost of Rushputin the Chopper, an amateur MiFi (D:4)
  54 yaks
  A wraith (D:11)
  2 steam dragons (D:9)
  2 hungry ghosts
  2 basilisks (Lair:4)
  Menkaure (D:4)
  6 wargs (Orc:1)
  15 water moccasins
  16 porcupines
  Duvessa (D:6)
  9 orc warriors
  2 black bears
  10 ice beasts
  A sky beast (D:8)
  7 ogres
  A phantom (D:11)
  A necrophage (D:6)
  2 slaves (D:5)
  An eye of draining (D:10)
  59 wolves
  9 centaurs
  13 crocodiles
  Blork the orc (D:5)
  A big kobold (D:10)
  14 bullfrogs
  Dowan (D:6)
  2 scorpions
  10 killer bees (D:9)
  9 wights
  3 vampire bats (D:9)
  4 howler monkeys (D:8)
  A centaur zombie (D:11)
  5 crimson imps
  A bullfrog zombie (D:11)
  A quasit (D:9)
  4 hounds
  9 orc priests
  A jelly (D:10)
  Crazy Yiuf (D:5)
  2 gnoll shamans
  11 orc wizards
  3 bullfrog skeletons
  4 iguanas
  14 worker ants
  A hound zombie (D:9)
  A hound skeleton (D:11)
  A worker ant zombie (D:8)
  11 gnolls
  18 adders
  An ooze (D:4)
  An adder skeleton (D:6)
  2 adder zombies (D:5)
  2 worms
  A dart slug (D:4)
  2 leopard geckos
  52 orcs
  A ball python (D:2)
  4 bat skeletons (D:9)
  A bat zombie (D:9)
  5 giant cockroaches
  14 goblins
  5 hobgoblins
  5 jackals (D:4)
  2 kobolds (D:1)
  6 quokkas
  3 bats
  4 frilled lizards
  6 rats
  10 fungi
  7 plants
619 creatures vanquished.

Vanquished Creatures (others)
  A killer bee (D:9)
  A crimson imp (D:5)
  2 bushes
  19 fungi
  20 plants
43 creatures vanquished.

Grand Total: 662 creatures vanquished

Notes
Turn   | Place    | Note
-------+----------+-------------------------------------------
     0 | D:1      | KleinerIrrer the Formicid Fighter began the quest for the Orb.
     0 | D:1      | Reached XP level 1. HP: 18/18 MP: 1/1
   387 | D:1      | Reached XP level 2. HP: 24/24 MP: 2/2
   602 | D:1      | Found a glowing golden altar of the Shining One.
   610 | D:1      | Became a worshipper of the Shining One
  1023 | D:2      | Reached XP level 3. HP: 29/29 MP: 3/3
  1539 | D:3      | Reached XP level 4. HP: 37/37 MP: 4/4
  1557 | D:3      | Reached skill level 3 in Axes
  1623 | D:3      | Reached XP level 5. HP: 42/42 MP: 5/5
  1865 | D:4      | Noticed Grinder
  1877 | D:4      | Killed Grinder
  1877 | D:4      | Reached skill level 5 in Axes
  1877 | D:4      | Reached XP level 6. HP: 36/48 MP: 6/6
  1956 | D:4      | Noticed Menkaure
  1961 | D:4      | Killed Menkaure
  1961 | D:4      | Reached skill level 6 in Axes
  1961 | D:4      | Reached XP level 7. HP: 9/53 MP: 7/7
  2237 | D:4      | Reached * piety under the Shining One
  2239 | D:4      | Found a hazy altar of Hepliaklqana.
  2540 | D:4      | Found a burning altar of Makhleb.
  2546 | D:4      | Found a shattered altar of Ashenzari.
  2815 | D:4      | Noticed Rushputin's ghost (amateur MiFi)
  2831 | D:4      | Killed Rushputin's ghost
  2831 | D:4      | Reached skill level 7 in Axes
  2831 | D:4      | Reached skill level 5 in Shields
  2831 | D:4      | Reached XP level 8. HP: 28/60 MP: 8/8
  3357 | D:4      | Found a staircase to the Ecumenical Temple.
  3613 | D:5      | Entered Level 5 of the Dungeon
  3897 | D:5      | Noticed Pikel
  3908 | D:5      | Killed Pikel
  3908 | D:5      | Reached skill level 9 in Axes
  3908 | D:5      | Reached skill level 5 in Armour
  3912 | D:5      | Reached XP level 9. HP: 33/65 MP: 9/9
  4074 | D:5      | Noticed Fuxmar's ghost (novice HuWz)
  4085 | D:5      | Killed Fuxmar's ghost
  4085 | D:5      | Reached skill level 10 in Axes
  4352 | D:5      | Found a runed door.
  4430 | D:5      | Noticed Blork the orc
  4441 | D:5      | Killed Blork the orc
  4623 | D:5      | Noticed Crazy Yiuf
  4627 | D:5      | Killed Crazy Yiuf
  4743 | D:6      | Noticed Dowan
  4745 | D:6      | Noticed Duvessa
  4754 | D:6      | Killed Duvessa
  4786 | D:6      | Killed Dowan
  5027 | D:6      | Found a snail-covered altar of Cheibriados.
  5150 | D:6      | Reached ** piety under the Shining One
  5298 | D:6      | Reached skill level 11 in Axes
  5604 | D:7      | Reached skill level 1 in Spellcasting
  5604 | D:7      | Reached skill level 1 in Invocations
  5604 | D:7      | Reached XP level 10. HP: 57/71 MP: 11/11
  6189 | D:8      | You fall through a shaft for 2 floors!
  6189 | D:10     | Entered Level 10 of the Dungeon
  6189 | D:10     | Found a staircase to the Lair.
  6206 | D:10     | Found Juelasi's Antique Weapon Emporium.
  6740 | D:11     | Reached skill level 12 in Axes
  6984 | D:11     | Noticed a five-headed hydra
  7001 | D:11     | Killed a five-headed hydra
  7249 | D:11     | Reached *** piety under the Shining One
  7268 | D:11     | Reached skill level 1 in Maces & Flails
  7331 | D:11     | Reached XP level 11. HP: 46/76 MP: 13/13
  7488 | D:11     | Found Zaos's Magic Scroll Shop.
  7493 | D:11     | Bought a scroll of amnesia for 56 gold pieces
  7493 | D:11     | Bought a scroll of identify for 32 gold pieces
  7493 | D:11     | Bought a scroll of identify for 32 gold pieces
  7493 | D:11     | Bought a scroll of identify for 32 gold pieces
  7637 | D:11     | Noticed Maurice
  7655 | D:11     | Killed Maurice
  7744 | D:10     | Reached skill level 13 in Axes
  7907 | D:10     | Bought a runed battleaxe for 199 gold pieces
  8523 | D:10     | Got a twisted falchion {elec}
  8524 | D:10     | Identified the +7 falchion "Rem Irost" {elec, MR+ Int+5 Dex-2} (You took it off an orc on level 10 of the Dungeon)
  8617 | D:10     | Found a portal to a secret trove of treasure.
  8830 | D:10     | Found a staircase to the Orcish Mines.
  8835 | D:10     | Noticed a two-headed ogre
  8848 | D:10     | Reached skill level 5 in Invocations
  8853 | D:10     | Killed a two-headed ogre
  8873 | D:10     | Noticed a green ugly thing
  8908 | D:10     | Killed a green ugly thing
  8908 | D:10     | Reached skill level 14 in Axes
  9162 | D:9      | Reached **** piety under the Shining One
  9322 | D:9      | Found an iron altar of Okawaru.
  9322 | D:9      | Found a sacrificial altar of Ru.
  9327 | D:9      | Found a faded altar of an unknown god.
  9329 | D:9      | Found a faded altar of an unknown god.
  9330 | D:9      | Found a radiant altar of Vehumet.
  9401 | D:9      | Noticed a two-headed ogre
  9413 | D:9      | Killed a two-headed ogre
  9495 | D:9      | Reached XP level 12. HP: 51/83 MP: 16/16
  9757 | D:9      | Noticed a two-headed ogre
  9804 | D:8      | Noticed Erica
  9822 | D:8      | Killed Erica
 10044 | D:9      | Killed a two-headed ogre
 10495 | D:8      | Found a blossoming altar of Fedhas.
 10496 | D:8      | Noticed BrokenGlass's ghost (novice OpAs)
 10522 | D:8      | Killed BrokenGlass's ghost
 10899 | D:8      | Noticed a two-headed ogre
 10917 | D:8      | Killed a two-headed ogre
 11221 | D:7      | You fall through a shaft for 2 floors!
 11268 | D:9      | Reached ***** piety under the Shining One
 11278 | D:9      | Found an ancient bone altar of Kikubaaqudgha.
 11581 | Lair:1   | Entered Level 1 of the Lair of Beasts
 12221 | D:10     | Reached skill level 10 in Shields
 12418 | D:10     | HP: 2/83 [wolf (7)]
 12643 | Lair:1   | Reached skill level 15 in Axes
 12920 | Lair:1   | Reached XP level 13. HP: 76/88 MP: 18/18
 13776 | Lair:2   | Noticed a six-headed hydra
 13838 | Lair:2   | Killed a six-headed hydra
 14363 | Lair:2   | Reached skill level 10 in Armour
 15008 | Lair:2   | Found a staircase to the Shoals.
 15553 | Lair:1   | Identified a scroll of acquirement
 15680 | Lair:3   | Noticed Snorg
 16120 | Lair:4   | Noticed a seven-headed hydra
 16124 | Lair:4   | Killed a four-headed hydra
 16520 | Lair:4   | Reached skill level 16 in Axes
 16819 | Lair:3   | Reached XP level 14. HP: 90/94 MP: 20/20
 17775 | Lair:4   | Found a hole to the Spider Nest.
 18640 | Lair:4   | Reached skill level 17 in Axes
 19174 | Lair:5   | Found a staircase to the Slime Pits.
 19484 | Lair:6   | Entered Level 6 of the Lair of Beasts
 19587 | Lair:6   | Reached skill level 10 in Invocations
 19775 | Lair:6   | Got a warped scale mail
 19786 | Lair:6   | Identified the +4 scale mail of Happy Babbling {rPois rF++ rC- Str+3} (You found it on level 6 of the Lair of Beasts)
 19977 | Lair:6   | Reached XP level 15. HP: 68/99 MP: 22/22
 20463 | Lair:6   | Found a runed door.
 21062 | Lair:6   | Reached skill level 18 in Axes
 21239 | Orc:1    | Entered Level 1 of the Orcish Mines
 21420 | Orc:1    | Found a roughly hewn altar of Beogh.
 21484 | Orc:1    | Found a frozen archway.
 21581 | IceCv    | Entered an ice cave
 21952 | IceCv    | Noticed a frost giant
 22783 | IceCv    | Killed a frost giant
 23601 | Orc:1    | Reached ****** piety under the Shining One
 24564 | Orc:1    | Got an encrusted battleaxe {chop}
 24565 | Orc:1    | Identified the +5 battleaxe "Lycuitsa" {chop, *Slow rElec rPois rN++} (You took it off an orc on level 1 of the Orcish Mines)
 24588 | Orc:1    | Got a jewelled hunting sling
 24588 | Orc:1    | Got a pitted spear {freeze}
 24591 | Orc:1    | Identified the +11 spear of Embarrassment {freeze, Int+4 Dex+3} (You took it off an orc on level 1 of the Orcish Mines)
 24592 | Orc:1    | Identified the +4 hunting sling "Hell-Harrower" {freeze, +Blink} (You took it off an orc on level 1 of the Orcish Mines)
 24612 | Orc:1    | Noticed a frost giant
 24633 | Orc:1    | Killed from afar by a frost giant

Skill      XL: |  1  2  3  4  5  6  7  8  9 10 11 12 13 14 15 |
---------------+----------------------------------------------+-----
Shields        | 4 5 6 7 8 10 12 13 | 13.8
Axes           | 3 5 6 7 9 11 12 14 15 16 17 18 | 18.7
Armour         | 4 5 6 7 9 10 11 | 11.5
Spellcasting   | 1 |  1.0
Invocations    | 1 3 5 7 9 10 11 | 11.1
Maces & Flails | 1 |  1.0
Fighting       | |  3.7
Dodging        | |  0.1

Action                   |  1- 3 |  4- 6 |  7- 9 | 10-12 | 13-15 || total
-------------------------+-------+-------+-------+-------+-------++-------
Melee: War axe           |   118 |    46 |   233 |       |       ||   397
       Hand axe          |       |       |    12 |   858 |   265 ||  1135
       Mace              |       |       |       |    12 |    11 ||    23
       Broad axe         |       |       |       |       |   701 ||   701
       Battleaxe         |       |       |       |       |    89 ||    89
Invok: Divine Shield     |       |       |       |     1 |     1 ||     2
 Abil: Shaft Self        |       |       |       |     1 |       ||     1
       Dig               |       |       |       |       |     1 ||     1
  Use: Scroll            |       |       |     5 |    10 |    12 ||    27
       Potion            |       |       |       |     2 |     4 ||     6
  Eat: Chunk             |     2 |     2 |    11 |    22 |    35 ||    72
       Ration            |       |       |       |     1 |     1 ||     2
Armor: Scale mail        |     8 |       |       |       |    33 ||    41
       Chain mail        |    46 |    18 |    92 |   207 |   197 ||   560
       Plate armour      |       |       |       |   222 |    61 ||   283
Dodge: Dodged            |    22 |     7 |    63 |   185 |   156 ||   433
Block: Shield            |    58 |    19 |   119 |   217 |       ||   413
       Large shield      |       |       |       |   381 |   783 ||  1164
